 Dungeon Crawl Stone Soup version 0.26.1-15-g04117e645d (webtiles) character file.

Game seed: 11594329242072672194

4021 Froggeryz the Slicer (level 10, -2/71 HPs)
             Began as an Octopode Berserker on Apr 28, 2022.
             Was an Elder of Trog.
             Slain by a six-headed hydra (15 damage)
             ... on level 7 of the Dungeon.
             The game lasted 00:06:34 (7502 turns).

Froggeryz the Slicer (Octopode Berserker)           Turns: 7502, Time: 00:06:34

Health: -2/71      AC:  1    Str: 16    XL:     10   Next: 23%
Magic:  10/10      EV: 14    Int: 11    God:    Trog [****..]
Gold:   242        SH:  5    Dex: 14    Spells: 9/9 levels left

rFire    . . .     SeeInvis .   t - +1 dagger (venom)
rCold    . . .     Faith    .   e - +0 buckler
rNeg     . . .     Spirit   .   (helmet restricted)
rPois    .         Reflect  .   h - amulet of regeneration
rElec    .         Harm     .   (no ring)
rCorr    .         Rampage  .   (no ring)
Will     .....                  (no ring)
Stlth    +++.......             (no ring)
HPRegen  0.61/turn              (no ring)
MPRegen  0.12/turn              (no ring)
                                (no ring)
                                (no ring)

@: no status effects
A: almost no armour, stealthy swim, amphibious, 8 rings, constrict 8, camouflage
1, gelatinous body 1
a: Renounce Religion, Berserk, Trog's Hand, Brothers in Arms


You were on level 7 of the Dungeon.
You worshipped Trog.
Trog was greatly pleased with you.
You visited 1 branch of the dungeon, and saw 8 of its levels.

You collected 488 gold pieces.
You spent 246 gold pieces at shops.

Inventory:

Hand Weapons
 o - a +0 short sword of freezing
 t - a +1 dagger of venom (weapon)
Missiles
 A - 14 poisoned darts (quivered)
 F - 9 boomerangs
 L - 3 silver boomerangs
Armour
 e - a +0 buckler (worn)
Jewellery
 h - an amulet of regeneration (around mantle)
 H - a +6 ring of dexterity {unknown}
Wands
 D - a wand of random effects (12)
 I - a wand of enslavement (3)
 K - a wand of digging (6)
Scrolls
 b - 5 scrolls of remove curse {unknown}
 j - a scroll of fear {unknown}
 l - 3 scrolls of immolation {unknown}
 q - 3 scrolls of amnesia {unknown}
 r - 5 scrolls of teleportation {unknown}
 u - 2 scrolls of magic mapping {unknown}
 v - 9 scrolls of identify {unknown}
 w - 3 scrolls of enchant armour {unknown}
 y - 2 scrolls of enchant weapon {unknown}
 B - a scroll of acquirement {unknown}
 E - a scroll of vulnerability {unknown}
 G - a scroll of fog {unknown}
 M - a scroll of random uselessness {unknown}
Potions
 a - 2 potions of haste {unknown}
 c - 5 potions of curing {unknown}
 d - 4 potions of berserk rage {unknown}
 f - 3 potions of invisibility {unknown}
 g - 2 potions of degeneration {unknown}
 i - 2 potions of attraction {unknown}
 k - 2 potions of mutation {unknown}
 m - a potion of magic {unknown}
 n - 2 potions of heal wounds {unknown}
 p - 2 potions of resistance {unknown}
 s - 3 potions of might {unknown}
 x - 5 potions of lignification {unknown}
 z - a potion of brilliance {unknown}
 C - a potion of flight {unknown}
 J - a potion of ambrosia {unknown}


   Skills:
 + Level 7.0 Fighting
 - Level 12.0 Short Blades
 * Level 0.1 Throwing
 * Level 3.1 Dodging
 - Level 1.5 Stealth
 - Level 5.0 Shields


You had 9 spell levels left.
You didn't know any spells.
Your spell library was empty.

Dungeon Overview and Level Annotations

Branches:
Dungeon (8/15)             Temple (0/1) D:5
   Lair: D:8-11

Altars:
Ashenzari
Elyvilon
Fedhas
Ru
Wu Jian
The Shining One

Shops:
D:6 *   D:8 }

Annotations:
D:5 2 transporters


Innate Abilities, Weirdness & Mutations

You cannot wear most types of armour.
You are very stealthy in the water. (Stealth+)
You are amphibious.
You can wear up to eight rings at the same time.
You can use your tentacles to constrict eight enemies at once.
Your skin changes colour to match your surroundings (Stealth+).
Your rubbery body absorbs attacks. (AC +1, EV +1)


Message History

You block the six-headed hydra's attack.
The six-headed hydra bites you! The six-headed hydra bites you.
There is a stone staircase leading up here.
The six-headed hydra bites you!
The six-headed hydra closely misses you.
The six-headed hydra bites you!
* * * LOW HITPOINT WARNING * * *
The six-headed hydra bites you.
* * * LOW HITPOINT WARNING * * *
The six-headed hydra bites you.
* * * LOW HITPOINT WARNING * * *
The six-headed hydra barely misses you.
You climb upwards.
There is a stone staircase leading down here.
You fail to use your ability.
The six-headed hydra bites you!
* * * LOW HITPOINT WARNING * * *
The six-headed hydra closely misses you.
The six-headed hydra bites you!
You die...

### #################..
#...##.............
#......##########.#
#<..#### #.# ######@##
#.# ##...##D# #.#
#..#).#.##############.#
#.###).................#
#..#..#.######..######.#
##...##.# #..# #....
##.###.# #..####.###
##..###.# #.......# #
##8#####..# ##.#####.###


You could see a six-headed hydra.

Vanquished Creatures
  Harold (D:7)
  Pikel (D:7)
  Grinder (D:5)
  Edmund (D:5)
  A water moccasin (D:7)
  Duvessa (D:7)
  A black bear (D:7)
  A sky beast (D:6)
  An ice beast (D:5)
  3 ogres
  A centaur (D:8)
  A lemure (D:7)
  A big kobold (D:7)
  2 gnoll sergeants
  4 bullfrogs
  Dowan (D:7)
  3 howler monkeys
  A centaur zombie (D:5)
  4 hounds
  2 bullfrog zombies
  2 bullfrog skeletons
  3 jellies
  4 orc priests
  Jessica (D:2)
  2 iguanas (D:8)
  4 orc wizards
  5 worker ants
  A hound skeleton (D:8)
  A howler monkey zombie (D:5)
  A worker ant zombie (D:5)
  A howler monkey skeleton (D:5)
  11 adders
  6 gnolls (D:7)
  A white imp (D:8)
  An ufetubus (D:5)
  An ooze (D:2)
  2 adder skeletons
  5 worms
  3 dart slugs
  5 leopard geckos
  20 orcs
  2 ball pythons
  11 bats
  4 giant cockroaches
  6 goblins
  7 hobgoblins
  2 jackals (D:1)
  5 quokkas
  5 frilled lizards
  A jackal skeleton (D:4)
  13 kobolds
  A leopard gecko zombie (D:7)
  A quokka skeleton (D:7)
  5 rats
175 creatures vanquished.

Vanquished Creatures (others)
  8 fungi (D:6)
  4 toadstools (D:1)
12 creatures vanquished.

Grand Total: 187 creatures vanquished

Notes
Turn   | Place    | Note
-------+----------+-------------------------------------------
     0 | D:1      | Froggeryz the Octopode Berserker began the quest for the
                  | Orb.
     0 | D:1      | Reached XP level 1. HP: 16/16 MP: 1/1
   114 | D:1      | Reached skill level 1 in Stealth
   239 | D:1      | Reached XP level 2. HP: 21/21 MP: 2/2
   628 | D:1      | Reached XP level 3. HP: 10/26 MP: 3/3
  1023 | D:2      | Reached skill level 4 in Short Blades
  1131 | D:2      | Noticed Jessica
  1140 | D:2      | Killed Jessica
  1141 | D:2      | Reached skill level 1 in Shields
  1141 | D:2      | Reached XP level 4. HP: 26/31 MP: 4/4
  1212 | D:2      | Reached ** piety under Trog
  2196 | D:3      | Reached XP level 5. HP: 28/36 MP: 5/5
  2226 | D:3      | Reached skill level 5 in Short Blades
  2337 | D:3      | Found a broken altar of Ashenzari.
  2522 | D:3      | Reached XP level 6. HP: 26/42 MP: 6/6
  2983 | D:4      | Reached skill level 6 in Short Blades
  3420 | D:5      | Entered Level 5 of the Dungeon
  3532 | D:5      | Noticed an ice beast
  3551 | D:5      | Reached XP level 7. HP: 46/46 MP: 7/7
  3671 | D:5      | Noticed Edmund
  3696 | D:5      | Killed Edmund
  3697 | D:5      | Reached skill level 7 in Short Blades
  3777 | D:5      | Noticed a soldier ant
  3778 | D:5      | Found a white marble altar of Elyvilon.
  3779 | D:5      | Found a transporter.
  3779 | D:5      | Found a blossoming altar of Fedhas.
  3779 | D:5      | Found a glowing golden altar of the Shining One.
  3787 | D:5      | Reached *** piety under Trog
  3848 | D:5      | Found a transporter.
  3865 | D:5      | Noticed Grinder
  3875 | D:5      | Killed Grinder
  3876 | D:5      | Reached skill level 8 in Short Blades
  3876 | D:5      | Reached XP level 8. HP: 52/52 MP: 8/8
  4321 | D:5      | Reached skill level 5 in Shields
  4340 | D:5      | Found a staircase to the Ecumenical Temple.
  5007 | D:6      | Found Xaag's Assorted Antiques.
  5012 | D:6      | Bought a scroll labelled KUYRASK ECEZ for 28 gold pieces
  5012 | D:6      | Bought a scroll labelled ARRIOS PEUFEA for 28 gold pieces
  5012 | D:6      | Bought a scroll labelled ZOCUERGH NICAP for 28 gold pieces
  5012 | D:6      | Bought a scroll labelled ARRIOS PEUFEA for 28 gold pieces
  5012 | D:6      | Bought a scroll labelled ERIDGH LOGUDAGA for 28 gold pieces
  5012 | D:6      | Bought a scroll labelled ERIDGH LOGUDAGA for 28 gold pieces
  5012 | D:6      | Bought a scroll labelled PUENYA LIGEADD for 28 gold pieces
  5012 | D:6      | Bought a smoky amethyst potion for 25 gold pieces
  5012 | D:6      | Bought a smoky amethyst potion for 25 gold pieces
  5197 | D:6      | Reached skill level 9 in Short Blades
  5204 | D:6      | Found a sacrificial altar of Ru.
  5812 | D:7      | Noticed Harold
  5834 | D:7      | Killed Harold
  5835 | D:7      | Reached skill level 5 in Fighting
  5835 | D:7      | Reached skill level 10 in Short Blades
  5835 | D:7      | Reached XP level 9. HP: 53/61 MP: 9/9
  6008 | D:7      | Noticed Dowan
  6009 | D:7      | Noticed Duvessa
  6012 | D:7      | Killed Dowan
  6021 | D:7      | Killed Duvessa
  6181 | D:7      | Noticed Pikel
  6210 | D:7      | Killed Pikel
  6211 | D:7      | Reached skill level 11 in Short Blades
  6354 | D:7      | Reached XP level 10. HP: 69/69 MP: 10/10
  6614 | D:7      | Found an ornate altar of the Wu Jian Council.
  6928 | D:8      | Found Iskol's Gadget Shop.
  7260 | D:8      | Reached **** piety under Trog
  7336 | D:8      | Reached skill level 12 in Short Blades
  7428 | D:8      | Noticed a six-headed hydra
  7502 | D:7      | Slain by a six-headed hydra

Illustrated notes

Levels and vault maps discovered:
D:1:      ldierk_walled_garden_2, layout_rooms, hangedman_feature_mirror
D:2:      layout_basic, palyth_stone_intersect, uniq_jessica
D:3:      layout_rooms, nicolae_overflow_hidden_temple, serial_aquarium,
          aquarium_bridge_long_joined [aquarium_subvault_window,
          aquarium_subvault_bridge, aquarium_subvault_bridge,
          aquarium_subvault_bridge, aquarium_subvault_window,
          aquarium_subvault_window], aquarium_window_fake,
          aquarium_window_corner, aquarium_view_2f, aquarium_view_2a
D:4:      layout_rooms
D:5:      layout_basic, gammafunk_temple_overflow_arena,
          minmay_temple_entry_fiery, uniq_edmund, uniq_grinder
D:6:      layout_basic, overflow_temple_1_default, serial_aquarium,
          aquarium_bridge_straight [aquarium_subvault_bridge,
          aquarium_subvault_wall, aquarium_subvault_bridge,
          aquarium_subvault_window], aquarium_window_2, aquarium_window_1,
          aquarium_window_fake, aquarium_view_2e, aquarium_view_2f,
          aquarium_balcony_1a, aquarium_pool_2, serial_shops,
          nicolae_shop_crystal, serial_bayou_pond_c
D:7:      layout_loops_ring, nzn_wu_jian_council_hall, uniq_pikel, uniq_harold,
          uniq_duvessa
D:8:      minmay_skewed_foursquare, layout_rooms, serial_shops, shop_statue

Skill      XL: |  1  2  3  4  5  6  7  8  9 10 |
---------------+-------------------------------+-----
Stealth        | 1 |  1.5
Short Blades   | 4 5 6 8 10 11 12 | 12.0
Shields        | 1 2 3 4 5 |  5.0
Fighting       | 5 6 7 |  7.0
Throwing       | |  0.1
Dodging        | |  3.1

Action                   |  1- 3 |  4- 6 |  7- 9 | 10-12 || total
-------------------------+-------+-------+-------+-------++-------
Melee: Short sword       |    45 |    83 |       |       ||   128
       Constrict         |    12 |    36 |    39 |    26 ||   113
       Tentacles         |     7 |    35 |    55 |    28 ||   125
       Dagger            |       |    66 |   202 |   113 ||   381
Throw: Dart              |       |       |     1 |       ||     1
Invok: Berserk           |       |     1 |     2 |     1 ||     4
       Trog's Hand       |       |     1 |     1 |     1 ||     3
 Stab: Sleeping          |     7 |     6 |     6 |     1 ||    20
Armor: Skin              |     3 |     9 |     4 |     1 ||    17
Dodge: Dodged            |    17 |    99 |    51 |    43 ||   210
Block: Buckler           |       |     1 |    22 |    15 ||    38
